TOP OF THE 1ST |
Rocky Mountain Nuggets batting - Pitching for Northern Virginia Retrievers : RHP Lou Hartling
|
Pitching: RHP Lou Hartling
|
|
Batting: RHB Mark O'Monaghan
|
0-0: Ball 1-0: Ball 2-0: Ball 3-0: Called Strike 3-1: Ground out 1-3 (Groundball, 15)
|
Batting: SHB Quan Ge
|
0-0: Called Strike 0-1: Ball 1-1: SINGLE (Groundball, 34D)
|
Batting: RHB David Verhoeve
|
0-0: Called Strike 0-1: Ball 1-1: Ball 2-1: Swinging Strike 2-2: Ball 3-2: Strikes out looking
|
Batting: LHB Jason Potter
|
0-0: Fly out, F7 (Flyball, 7S)
|
Top of the 1st over - 0 run(s), 1 hit(s), 0 error(s), 1 left on base; Rocky Mountain 0 - Northern Virginia 0 |
BOTTOM OF THE 1ST |
Northern Virginia Retrievers batting - Pitching for Rocky Mountain Nuggets : RHP John Braun
|
Pitching: RHP John Braun
|
|
Batting: LHB Munemori Ohara
|
0-0: Swinging Strike 0-1: Ball 1-1: Called Strike 1-2: Ball 2-2: Ground out 5-3 (Groundball, 56)
|
Batting: LHB Roberto Salazar
|
0-0: Called Strike 0-1: Swinging Strike 0-2: Strikes out looking
|
Batting: RHB Iván Pérez
|
0-0: Called Strike 0-1: Ball 1-1: Ball 2-1: Foul Ball, location: 2F 2-2: Foul Ball, location: 2F 2-2: Ball 3-2: Ground out 6-3 (Groundball, 6M)
|
Bottom of the 1st over - 0 run(s), 0 hit(s), 0 error(s), 0 left on base; Rocky Mountain 0 - Northern Virginia 0 |
TOP OF THE 2ND |
Rocky Mountain Nuggets batting - Pitching for Northern Virginia Retrievers : RHP Lou Hartling
|
Batting: RHB Juan Ávila
|
0-0: Foul Ball, location: 2F 0-1: Ground out 6-3 (Groundball, 6M)
|
Batting: RHB Mark Melton
|
0-0: Foul Ball, location: 2F 0-1: Ground out 6-3 (Groundball, 6M)
|
Batting: RHB Michael Riley
|
0-0: Swinging Strike 0-1: Fly out, F8 (Flyball, 8LM)
|
Top of the 2nd over - 0 run(s), 0 hit(s), 0 error(s), 0 left on base; Rocky Mountain 0 - Northern Virginia 0 |
BOTTOM OF THE 2ND |
Northern Virginia Retrievers batting - Pitching for Rocky Mountain Nuggets : RHP John Braun
|
Batting: RHB Tony Quintana
|
0-0: Foul Ball, location: 2F 0-1: Ground out 5-3 (Groundball, 56S)
|
Batting: RHB Brandon Reed
|
0-0: Ball 1-0: Swinging Strike 1-1: Foul Ball, location: 2F 1-2: Fly out, F6 (Line Drive, 6)
|
Batting: LHB Todd Williams
|
0-0: Called Strike 0-1: Ball 1-1: Foul Ball, location: 2F 1-2: Strikes out swinging
|
Bottom of the 2nd over - 0 run(s), 0 hit(s), 0 error(s), 0 left on base; Rocky Mountain 0 - Northern Virginia 0 |
TOP OF THE 3RD |
Rocky Mountain Nuggets batting - Pitching for Northern Virginia Retrievers : RHP Lou Hartling
|
Batting: LHB Egidio Agnolutto
|
0-0: Ball 1-0: Swinging Strike 1-1: Ball 2-1: Ball 3-1: Base on Balls
|
Batting: LHB John Braun
|
0-0: Ball 1-0: Sac Bunt - play at first, batter OUT! 3-4 Egidio Agnolutto to second
|
Batting: RHB Mark O'Monaghan
|
0-0: Called Strike 0-1: Ball 1-1: Ball 2-1: Ball 3-1: Base on Balls
|
Batting: SHB Quan Ge
|
0-0: Ball 1-0: Called Strike 1-1: Ball 2-1: Ball 3-1: Grounds into double play, 4-6-3 (Groundball, 4)
|
Top of the 3rd over - 0 run(s), 0 hit(s), 0 error(s), 1 left on base; Rocky Mountain 0 - Northern Virginia 0 |
BOTTOM OF THE 3RD |
Northern Virginia Retrievers batting - Pitching for Rocky Mountain Nuggets : RHP John Braun
|
Batting: LHB Vance Cannon
|
0-0: Swinging Strike 0-1: Ball 1-1: Swinging Strike 1-2: Foul Ball, location: 2F 1-2: Foul Ball, location: 2F 1-2: Ball 2-2: Reached on error, E4 (Groundball, 4)
|
Batting: SHB Gustavo Fuentes
|
0-0: Called Strike 0-1: Ball 1-1: Called Strike 1-2: Strikes out looking
|
Batting: RHB Lou Hartling
|
0-0: Ball 1-0: Sac Bunt - play at first, batter OUT! 2-4 Vance Cannon to second
|
Batting: LHB Munemori Ohara
|
Single, Error in OF, E9, batter to second base Vance Cannon scores
|
Batting: LHB Roberto Salazar
|
0-0: Ball 1-0: Ground out 4-3 (Groundball, 34)
|
Bottom of the 3rd over - 1 run(s), 1 hit(s), 2 error(s), 1 left on base; Rocky Mountain 0 - Northern Virginia 1 |
TOP OF THE 4TH |
Rocky Mountain Nuggets batting - Pitching for Northern Virginia Retrievers : RHP Lou Hartling
|
Batting: RHB David Verhoeve
|
0-0: Ball 1-0: Foul Ball, location: 2F 1-1: Foul Ball, location: 2F 1-2: Foul Ball, location: 2F 1-2: SINGLE (Groundball, 5D)
|
Batting: LHB Jason Potter
|
0-0: Fly out, F7 (Flyball, 78S)
|
Batting: RHB Juan Ávila
|
0-0: Called Strike 0-1: Ball David Verhoeve is caught stealing 2nd base 1-1: Ball 2-1: Ball 3-1: Ground out 5-3 (Groundball, 6S)
|
Top of the 4th over - 0 run(s), 1 hit(s), 0 error(s), 0 left on base; Rocky Mountain 0 - Northern Virginia 1 |
BOTTOM OF THE 4TH |
Northern Virginia Retrievers batting - Pitching for Rocky Mountain Nuggets : RHP John Braun
|
Batting: RHB Iván Pérez
|
0-0: Called Strike 0-1: Swinging Strike 0-2: Ground out 4-3 (Groundball, 4)
|
Batting: RHB Tony Quintana
|
0-0: Foul Ball, location: 2F 0-1: Called Strike 0-2: Ball 1-2: Strikes out swinging
|
Batting: RHB Brandon Reed
|
0-0: Foul Ball, location: 2F 0-1: Swinging Strike 0-2: Ball 1-2: Ball 2-2: Ground out 6-3 (Groundball, 56)
|
Bottom of the 4th over - 0 run(s), 0 hit(s), 0 error(s), 0 left on base; Rocky Mountain 0 - Northern Virginia 1 |
TOP OF THE 5TH |
Rocky Mountain Nuggets batting - Pitching for Northern Virginia Retrievers : RHP Lou Hartling
|
Pitching: LHP Johnny Joyce
|
|
Batting: RHB Mark Melton
|
0-0: Ground out 1-3 (Groundball, 15)
|
Batting: RHB Michael Riley
|
0-0: Ball 1-0: Ball 2-0: Ball 3-0: Base on Balls
|
Batting: LHB Egidio Agnolutto
|
0-0: Ball 1-0: SINGLE (Line Drive, 4D) Michael Riley to second
|
Pinch Hitting: SHB Jim Morris
|
0-0: Swinging Strike 0-1: Foul Ball, location: 2F 0-2: Ball 1-2: Strikes out swinging
|
Batting: RHB Mark O'Monaghan
|
0-0: Called Strike 0-1: Ball 1-1: DOUBLE (Line Drive, 7LM) Michael Riley scores Egidio Agnolutto to third Runner from 3rd tries for Home, SAFE, no throw or cutoff
|
Batting: SHB Quan Ge
|
0-0: Ball 1-0: Ball 2-0: Ball 3-0: Called Strike 3-1: Foul Ball, location: 2F 3-2: Foul Ball, location: 2F 3-2: Ground out 3-1 (Groundball, 34S)
|
Top of the 5th over - 2 run(s), 2 hit(s), 0 error(s), 1 left on base; Rocky Mountain 2 - Northern Virginia 1 |
BOTTOM OF THE 5TH |
Northern Virginia Retrievers batting - Pitching for Rocky Mountain Nuggets : RHP John Braun
|
Pitching: LHP Ryan Miller
|
|
Batting: LHB Todd Williams
|
0-0: Foul Ball, location: 2F 0-1: Ball 1-1: Ball 2-1: SINGLE (Groundball, 3D)
|
Batting: LHB Vance Cannon
|
0-0: SINGLE (Line Drive, 8LS) Todd Williams to second
|
Batting: SHB Gustavo Fuentes
|
0-0: Called Strike Todd Williams steals 3rd base Vance Cannon to second 0-1: Fly out, F9 (Flyball, 89M) Runner from 3rd tags up, SCORES, no throw
|
Batting: LHB Johnny Joyce
|
0-0: Foul Ball, location: 2F 0-1: Fly out, F7 (Popup, 6D)
|
Batting: LHB Munemori Ohara
|
0-0: Ball 1-0: Called Strike 1-1: Swinging Strike 1-2: Foul Ball, location: 2F 1-2: Strikes out looking
|
Bottom of the 5th over - 1 run(s), 2 hit(s), 0 error(s), 1 left on base; Rocky Mountain 2 - Northern Virginia 2 |
TOP OF THE 6TH |
Rocky Mountain Nuggets batting - Pitching for Northern Virginia Retrievers : LHP Johnny Joyce
|
Batting: RHB David Verhoeve
|
0-0: Ball 1-0: Ball 2-0: Ball 3-0: Called Strike 3-1: Foul Ball, location: 2F 3-2: SINGLE (Flyball, 8LS)
|
Batting: LHB Jason Potter
|
0-0: Ball 1-0: Ball 2-0: Ball 3-0: DOUBLE (Flyball, 89D) David Verhoeve to third
|
Batting: RHB Juan Ávila
|
0-0: Called Strike 0-1: Ball 1-1: Ball 2-1: Ball 3-1: Base on Balls
|
Batting: RHB Mark Melton
|
0-0: Swinging Strike 0-1: Ball 1-1: Swinging Strike 1-2: Foul Ball, location: 2F 1-2: Grounds into fielders choice 6-2 (Groundball, 6M) Jason Potter to third Juan Ávila to second
|
Batting: RHB Michael Riley
|
0-0: Ball 1-0: Swinging Strike 1-1: Called Strike 1-2: Strikes out swinging
|
Pitching: RHP Lorenzo Tamargo
|
|
Batting: LHB Egidio Agnolutto
|
0-0: Foul Ball, location: 2F 0-1: Ball 1-1: Foul Ball, location: 2F 1-2: Strikes out swinging
|
Top of the 6th over - 0 run(s), 2 hit(s), 0 error(s), 3 left on base; Rocky Mountain 2 - Northern Virginia 2 |
BOTTOM OF THE 6TH |
Northern Virginia Retrievers batting - Pitching for Rocky Mountain Nuggets : LHP Ryan Miller
|
Batting: LHB Roberto Salazar
|
0-0: Called Strike 0-1: Ball 1-1: Called Strike 1-2: Fly out, F7 (Flyball, 7M)
|
Batting: RHB Iván Pérez
|
0-0: Called Strike 0-1: Fly out, F9 (Flyball, 9M)
|
Batting: RHB Tony Quintana
|
0-0: Called Strike 0-1: Ball 1-1: Ground out 6-3 (Groundball, 6M)
|
Bottom of the 6th over - 0 run(s), 0 hit(s), 0 error(s), 0 left on base; Rocky Mountain 2 - Northern Virginia 2 |
TOP OF THE 7TH |
Rocky Mountain Nuggets batting - Pitching for Northern Virginia Retrievers : RHP Lorenzo Tamargo
|
Pinch Hitting: RHB Xie-li Kan
|
0-0: Ball 1-0: Foul Ball, location: 2F 1-1: Called Strike 1-2: Ball 2-2: Ground out 4-3 (Groundball, 4M)
|
Pinch Hitting: LHB Keith McKnight
|
0-0: Called Strike 0-1: Swinging Strike 0-2: Ball 1-2: Ball 2-2: Ball 3-2: Strikes out swinging
|
Batting: SHB Quan Ge
|
0-0: Ball 1-0: Ball 2-0: SINGLE (Groundball, 6MD)
|
Pinch Hitting: RHB Paul Smith
|
0-0: Ball 1-0: Foul Ball, location: 2F 1-1: Ball 2-1: Reached on error, E6 (Groundball, 6M) Quan Ge to second
|
Pitching: LHP Kamal Bataille
|
|
Pinch Hitting: LHB George Best
|
0-0: Ground out 4-3 (Groundball, 34)
|
Top of the 7th over - 0 run(s), 1 hit(s), 1 error(s), 2 left on base; Rocky Mountain 2 - Northern Virginia 2 |
BOTTOM OF THE 7TH |
Northern Virginia Retrievers batting - Pitching for Rocky Mountain Nuggets : LHP Ryan Miller
|
Pitching: RHP Tony Vargas
|
|
Now at 3B: Paul Smith
|
|
Now at SS: Keith McKnight
|
|
Now in LF: George Best
|
|
Pinch Hitting: RHB José Rodríguez
|
0-0: Called Strike 0-1: Ground out 4-3 (Groundball, 4)
|
Batting: LHB Todd Williams
|
0-0: Ball 1-0: Ball 2-0: Ball 3-0: Base on Balls
|
Batting: LHB Vance Cannon
|
0-0: Ball Todd Williams steals 2nd base 1-0: Intentional Walk
|
Pinch Hitting: RHB Carl Good
|
0-0: Ball 1-0: Called Strike Todd Williams steals 3rd base Vance Cannon to second 1-1: SINGLE (Groundball, 6) Todd Williams scores Vance Cannon to third
|
Pinch Hitting: LHB Rick Watson
|
0-0: Ball 1-0: SINGLE (Groundball, 34D) Vance Cannon scores Carl Good to second Runner from 2nd tries for 3rd, SAFE, no throw or cutoff
|
Pitching: LHP Tommy Blevins
|
|
Pinch Hitting: RHB Shi-young Chang
|
0-0: Ball 1-0: Ball 2-0: Called Strike 2-1: Foul Ball, location: 2F 2-2: SINGLE (Groundball, 13) (infield hit) Carl Good scores Rick Watson to second
|
Pinch Hitting: RHB Kurt Chappell
|
0-0: Fly out, F7 (Flyball, 7D) Runner from 2nd tags up, SAFE at 3rd, no throw
|
Batting: RHB Iván Pérez
|
0-0: Ball 1-0: Foul Ball, location: 2F 1-1: Swinging Strike 1-2: Ball 2-2: Strikes out swinging
|
Bottom of the 7th over - 3 run(s), 3 hit(s), 0 error(s), 2 left on base; Rocky Mountain 2 - Northern Virginia 5 |
TOP OF THE 8TH |
Rocky Mountain Nuggets batting - Pitching for Northern Virginia Retrievers : LHP Kamal Bataille
|
Pitching: RHP Aurelio López
|
|
Now at 2B: Kurt Chappell
|
|
Now at SS: Harris Harden
|
|
Now in LF: Shi-young Chang
|
|
Now in RF: Carl Good
|
|
Batting: RHB Juan Ávila
|
0-0: Ball 1-0: Ball 2-0: Called Strike 2-1: Ball 3-1: Hit by Pitch
|
Batting: RHB Mark Melton
|
0-0: Called Strike 0-1: Ball 1-1: Ball 2-1: Foul Ball, location: 2F 2-2: Ground out 6-3 (Groundball, 6S) Juan Ávila to second
|
Batting: RHB Michael Riley
|
0-0: Foul Ball, location: 2F 0-1: Ball 1-1: Ball 2-1: Ground out 6-3 (Groundball, 6M) Juan Ávila to third
|
Batting: LHB Egidio Agnolutto
|
0-0: Ball 1-0: Called Strike 1-1: Ball 2-1: Ball 3-1: Base on Balls
|
Pitching: LHP Manuel Garza
|
|
Pinch Hitting: SHB Jorge Colomo
|
0-0: Foul Ball, location: 2F 0-1: Ground out 2-3 (Groundball, 23)
|
Top of the 8th over - 0 run(s), 0 hit(s), 0 error(s), 2 left on base; Rocky Mountain 2 - Northern Virginia 5 |
BOTTOM OF THE 8TH |
Northern Virginia Retrievers batting - Pitching for Rocky Mountain Nuggets : LHP Tommy Blevins
|
Pitching: RHP Ramón Tovar
|
|
Pinch Hitting: RHB Micheal Murdoch
|
0-0: Called Strike 0-1: Ball 1-1: Ball 2-1: Ball 3-1: Base on Balls
|
Batting: RHB Harris Harden
|
0-0: Ball 1-0: Called Strike 1-1: Ball 2-1: Grounds into double play, 6-4-3 (Groundball, 6)
|
Pitching: RHP Juan Carlos Maestas
|
|
Pinch Hitting: RHB Christian O'Neal
|
0-0: SINGLE (Groundball, 56)
|
Pinch Hitting: RHB Donald Stanley
|
0-0: TRIPLE (Flyball, 9LD) Christian O'Neal scores
|
Batting: RHB Carl Good
|
0-0: Called Strike 0-1: Ball 1-1: Fly out, F9 (Flyball, 9D)
|
Bottom of the 8th over - 1 run(s), 2 hit(s), 0 error(s), 1 left on base; Rocky Mountain 2 - Northern Virginia 6 |
TOP OF THE 9TH |
Rocky Mountain Nuggets batting - Pitching for Northern Virginia Retrievers : LHP Manuel Garza
|
Pitching: RHP Drake Montgomery
|
|
Now at 1B: Micheal Murdoch
|
|
Now at 2B: Donald Stanley
|
|
Now in CF: Enrique Echevarría
|
|
Batting: LHB Keith McKnight
|
0-0: Ball 1-0: Ground out 3-1 (Groundball, 34)
|
Batting: SHB Quan Ge
|
0-0: Called Strike 0-1: Ball 1-1: Ground out 6-3 (Groundball, 6S)
|
Batting: RHB Paul Smith
|
0-0: Ball 1-0: SINGLE (Groundball, 6MD)
|
Batting: LHB George Best
|
0-0: Ball 1-0: Foul Ball, location: 2F 1-1: Ball Wild Pitch! Paul Smith to second 2-1: Ball 3-1: Foul Ball, location: 2F 3-2: Strikes out looking
|
Top of the 9th over - 0 run(s), 1 hit(s), 0 error(s), 1 left on base; Rocky Mountain 2 - Northern Virginia 6 |
|